 Dungeon Crawl Stone Soup version 0.30.0-29-ga12c61a403 (webtiles) character file.

Game seed: 7577869354536191306

16230 qw the Cleaver (level 12, 0/76 HPs)
             Began as a Gargoyle Fighter on June 4, 2023.
             Was a High Priest of Okawaru.
             Killed by divine providence
             ... invoked by a meliai
              (13 damage)
             ... in a Gauntlet.
             The game lasted 00:05:15 (10607 turns).

qw the Cleaver (Gargoyle Fighter)                  Turns: 10607, Time: 00:05:16

Health: 0/76       AC: 36    Str: 26    XL:     12   Next: 35%
Magic:  18/18      EV:  9    Int:  8    God:    Okawaru [*****.]
Gold:   365        SH:  8    Dex:  9    Spells: 11/11 levels left

rFire   . . .        s - +3 war axe (elec)
rCold   + . .        m - +2 buckler
rNeg    + + .        p - +0 plate armour
rPois   inf          z - +0 helmet of Sug Enan {rN+ rCorr}
rElec   +            (no cloak)
rCorr   +            c - +2 pair of gloves
SInv    .            h - +0 pair of boots
Will    .....        w - amulet of regeneration Stlth
                     o - +4 ring of protection
HPRegen 1.12/turn    f - ring of protection from cold
MPRegen 0.16/turn

%: no teleportation
@: heroic
A: sickness immunity, AC +8, negative energy resistance 1, electricity
resistance, torment resistance 1, petrification resistance
a: Renounce Religion, Heroism, Finesse, Duel


You were in a Gauntlet.
You worshipped Okawaru.
Okawaru was extremely pleased with you.
You visited 3 branches of the dungeon, and saw 13 of its levels.
You also visited: Gauntlet.

You collected 650 gold pieces.
You spent 285 gold pieces at shops.


Innate Abilities, Weirdness & Mutations

You are immune to sickness and miasma.
Your stone body is resilient. (AC +8)
You are immune to poison.
You resist negative energy. (rN+)
You are resistant to electric shocks. (rElec)
You are resistant to unholy torment.
You are immune to petrification.


   Skills:
 + Level 9.2(14.2) Fighting
 - Level 12.0(17.0) Axes
 - Level 3.4(8.4) Throwing
 - Level 9.0(14.0) Armour
 - Level 2.3(7.3) Dodging
 - Level 6.3(11.3) Shields
 + Level 8.5 Invocations


You had 11 spell levels left.
You didn't know any spells.
Your spell library was empty.

Inventory:

Hand Weapons
 n - a +1 demon whip of venom
 s - a +3 war axe of electrocution (weapon)
Missiles
 a - 3 javelins (quivered)
 j - 7 boomerangs
 r - 4 silver boomerangs
Armour
 c - a +2 pair of gloves (worn)
 h - a +0 pair of boots (worn)
 m - a +2 buckler (worn)
 p - a +0 plate armour (worn)
 z - the +0 helmet of Sug Enan (worn) {rN+ rCorr}
   (You found it on level 7 of the Dungeon)

   rN:        It protects you from negative energy.
   rCorr:     It protects you from acid and corrosion.
Jewellery
 f - a ring of protection from cold (right hand)
 o - a +4 ring of protection (left hand)
 w - an amulet of regeneration (around neck)
Wands
 k - a wand of digging (6)
Scrolls
 b - a scroll of identify
 u - 4 scrolls of teleportation
Potions
 d - 4 potions of might
 g - a potion of cancellation
 i - 2 potions of curing
 l - a potion of resistance {unknown}
 q - a potion of invisibility {unknown}
 t - 3 potions of magic
 v - 2 potions of attraction
 x - a potion of haste {unknown}

Dungeon Overview and Level Annotations

Branches:
Dungeon (8/15)             Temple (1/1) D:6            Lair (4/5) D:8
 Shoals (0/4) Lair:3        Snake (0/4) Lair:3      Gauntlet (1/1)
  Slime: Lair:4-5

Altars:
Ashenzari
Cheibriados
Dithmenos
Elyvilon
Fedhas
Gozag
Hepliaklqana
Kikubaaqudgha
Makhleb
Nemelex Xobeh
Okawaru
Qazlal
Ru
Sif Muna
Trog
Uskayaw
Vehumet
Wu Jian
Yredelemnul
Zin
Lugonu

Shops:
D:1 [   D:3 (   D:5 !

Portals:
Abyss: D:3

Annotations:
D:3 2 runed translucent doors
D:7 2 transporters, Menkaure
Lair:4 1 transporter Gauntlet 7 transporters


Message History

The meliai calls down the wrath of its god upon you.
Something smites you!
10603 ||| DRINKING potion of heal wounds.
You feel much better. The meliai hits you but does no damage.
The meliai stings you but does no damage.
The meliai hits you but does no damage. The meliai barely misses you.
You block the meliai's attack.
The meliai stings you but does no damage.
The meliai hits you but does no damage.
The meliai stings you but does no damage.
You closely miss the meliai.
The meliai is lightly wounded.
You miss the meliai. The meliai barely misses you.
You block the meliai's attack.
The meliai mumbles some strange prayers to its god against you.
Something smites you!
You slash the meliai!
The meliai is heavily wounded.
You closely miss the meliai. The meliai hits you but does no damage.
The meliai stings you but does no damage.
The meliai mumbles some strange prayers to its god against you.
Something smites you! You block the meliai's attack. x2
The meliai hits you but does no damage. You block the meliai's attack.
You slash the meliai!
The meliai is almost dead.
You slash the meliai! Lightning courses through the meliai!
You block the meliai's attack.
The meliai stings you but does no damage.
The meliai barely misses you.
The meliai stings you but does no damage.
You miss the meliai.
The meliai is almost dead.
You slice the meliai!!
You kill the meliai!
Okawaru accepts your kill.
The meliai calls down the wrath of its god upon you.
Something smites you!
You die...

######...###########..#8#
.....#.8.####.###.##..###
.#.#.#...#.#.##..#.#..#
#.#..#####.##.##.[##..# #
.#.#.#...##.#..###[#..#~8
^.#.^#^.^###.#.##.^#..#...#
.#.#.#...#....#.#.(#..#.8.#
#.#.)######.#.#)##.#..#...##.
.#.#.#...#.#.^)y@..#..#.8...
.....#.¤.#.##.#.#.##..#...#
######...###########..#...#
.....¤.¤.............~#.^.##.
......¤8~............\#......
.......~.............~#.^.##.
######...###########..#...#
#.##.#...#...99....#..#...##
#.JJ.#...#.#.##.##.#..#.8...


You could see a molten gargoyle, a gargoyle and a meliai.

Vanquished Creatures
  A two-headed ogre (D:8)
  Amaemon (D:8)
  A worldbinder (Gauntlet)
  A salamander (Lair:3)
  A black mamba (Lair:2)
  13 elephants
  A smoke demon (Gauntlet)
  An orange demon (D:8)
  3 cane toads (Lair:2)
  A rime drake (Lair:3)
  A komodo dragon (Lair:2)
  2 meliai (Gauntlet)
  A polar bear (Lair:2)
  3 blink frogs (Lair:3)
  Sigmund (D:2)
  10 yaks
  4 wyverns
  2 steam dragons
  7 water moccasins
  An orc warrior (D:6)
  Duvessa (D:7)
  2 ice beasts
  A sky beast (D:7)
  A black bear (Lair:2)
  2 boggarts (Gauntlet)
  A centaur (D:7)
  A phantom (D:6)
  2 kobold brigands
  8 bullfrogs
  A gnoll sergeant (D:8)
  A scorpion (D:5)
  Dowan (D:7)
  8 killer bees (D:8)
  4 electric eels
  A howler monkey (D:7)
  2 crimson imps (Gauntlet)
  2 lava snakes (Lair:3)
  4 hounds
  4 jellies
  A gnoll bouda (D:8)
  5 orc priests
  5 iguanas
  7 hell rats
  5 orc wizards
  11 gnolls
  9 adders
  A shadow imp (D:7)
  2 white imps (D:7)
  An ufetubus (D:7)
  2 worms (D:2)
  4 dart slugs
  23 orcs
  8 ball pythons
  8 endoplasms
  5 giant cockroaches
  7 hobgoblins
  11 jackals
  13 kobolds
  6 quokkas
  8 bats
  9 frilled lizards
  6 goblins
  6 rats
266 creatures vanquished.

Vanquished Creatures (others)
  A killer bee (D:8)
1 creature vanquished.

Grand Total: 267 creatures vanquished

Notes
Turn   | Place    | Note
-------+----------+-------------------------------------------
     0 | D:1      | qw the Gargoyle Fighter began the quest for the Orb.
     0 | D:1      | Reached XP level 1. HP: 14/14 MP: 1/1
     0 | D:1      | 0 ||| qw: Version: 0.2-a-107-g4668610
     0 | D:1      | 0 ||| qw: Game counter: 1218
     0 | D:1      | 0 ||| qw: Always use a shield: true
     0 | D:1      | 0 ||| qw: God list: Okawaru
     0 | D:1      | 0 ||| qw: Allow faded altars: false
     0 | D:1      | 0 ||| qw: Do Orc after D:15 true
     0 | D:1      | 0 ||| qw: Do second Lair branch before Depths: true
     0 | D:1      | 0 ||| qw: Lair rune preference: random
     0 | D:1      | 0 ||| qw: Plans: Normal, Zot:1-4, Slime:5, God:TSO, Crypt,
                  | Tomb, Abyss, Pan, Hells, Win
     0 | D:1      | 0 ||| PLANNING D:1-11
    38 | D:1      | Reached skill level 2 in Axes
    44 | D:1      | Reached XP level 2. HP: 15/19 MP: 2/2
   115 | D:1      | 115 ||| Stepping ~*~*~tactically~*~*~ (stealth).
   191 | D:1      | Found Ihait's Armour Boutique.
   198 | D:1      | 198 ||| SHOPLISTING +0 chain mail (58 gold, have 39).
   198 | D:1      | 198 ||| SHOPLISTING +1 helmet of Xalokk {rElec Int+2} (360
                  | gold, have 39).
   198 | D:1      | 198 ||| SHOPLISTING +2 pair of gloves of strength (279
                  | gold, have 39).
   198 | D:1      | 198 ||| SHOPLISTING +4 scale mail of fire resistance (403
                  | gold, have 39).
   337 | D:1      | Reached skill level 3 in Axes
   444 | D:1      | Reached XP level 3. HP: 23/23 MP: 3/3
   451 | D:1      | 451 ||| Stepping ~*~*~tactically~*~*~ (stealth).
   491 | D:1      | Found a faded altar of an unknown god.
   824 | D:1      | 824 ||| READING scroll labelled ULE HONGIMA.
   828 | D:1      | 828 ||| READING scroll labelled IMMYIWN WEGRE.
   872 | D:2      | 872 ||| STAIRDANCE
   940 | D:2      | 940 ||| Stepping ~*~*~tactically~*~*~ (stealth).
   951 | D:2      | Reached XP level 4. HP: 18/28 MP: 4/4
  1041 | D:2      | Reached skill level 4 in Axes
  1099 | D:2      | 1099 ||| Stepping ~*~*~tactically~*~*~ (stealth).
  1100 | D:2      | 1100 ||| Stepping ~*~*~tactically~*~*~ (stealth).
  1194 | D:2      | 1194 ||| DROPPING +0 whip.
  1205 | D:2      | Noticed Sigmund
  1206 | D:2      | 1206 ||| Stepping ~*~*~tactically~*~*~ (hiding).
  1216 | D:2      | Killed Sigmund
  1217 | D:2      | Reached skill level 5 in Axes
  1217 | D:2      | Reached XP level 5. HP: 13/32 MP: 5/5
  1217 | D:2      | Reached XP level 6. HP: 15/37 MP: 6/6
  1229 | D:2      | 1229 ||| Stepping ~*~*~tactically~*~*~ (stealth).
  1510 | D:2      | 1510 ||| DROPPING amulet of magic regeneration.
  1511 | D:2      | 1511 ||| DROPPING +6 ring of intelligence.
  1512 | D:2      | 1512 ||| READING scroll labelled RAREJU INAYCZA.
  1513 | D:2      | 1513 ||| READING scroll labelled COC HYAJEALE.
  1514 | D:2      | 1514 ||| READING scroll labelled XONIDO FIYGI.
  1620 | D:3      | Found Axahukh's Weapon Emporium.
  1641 | D:3      | 1641 ||| Stepping ~*~*~tactically~*~*~ (stealth).
  1644 | D:3      | 1644 ||| Stepping ~*~*~tactically~*~*~ (stealth).
  1661 | D:3      | 1661 ||| Stepping ~*~*~tactically~*~*~ (stealth).
  1662 | D:3      | 1662 ||| Stepping ~*~*~tactically~*~*~ (stealth).
  1663 | D:3      | 1663 ||| Stepping ~*~*~tactically~*~*~ (stealth).
  1675 | D:3      | 1675 ||| Stepping ~*~*~tactically~*~*~ (stealth).
  1980 | D:3      | 1980 ||| Stepping ~*~*~tactically~*~*~ (stealth).
  1984 | D:3      | 1984 ||| Stepping ~*~*~tactically~*~*~ (stealth).
  1985 | D:3      | 1985 ||| Stepping ~*~*~tactically~*~*~ (stealth).
  2062 | D:3      | Found a large runed translucent door.
  2063 | D:3      | Found a large runed translucent door.
  2064 | D:3      | Found a corrupted altar of Lugonu.
  2147 | D:3      | Found a one-way gate to the infinite horrors of the Abyss.
  2372 | D:3      | 2372 ||| UPGRADING to +4 ring of protection.
  2373 | D:3      | 2373 ||| READING scroll labelled JYUKIF YN COVVET.
  2374 | D:3      | 2374 ||| READING scroll labelled WECSATSIEFF.
  2475 | D:4      | 2475 ||| Stepping ~*~*~tactically~*~*~ (stealth).
  3174 | D:4      | 3174 ||| UPGRADING to +0 chain mail.
  3184 | D:4      | 3184 ||| DROPPING +0 scale mail.
  3185 | D:4      | 3185 ||| READING scroll labelled XYICVICHOPS.
  3286 | D:4      | 3286 ||| READING scroll labelled ULERPH KURCHITA.
  3314 | D:4      | 3314 ||| DRINKING 3 smoky green potions.
  3315 | D:4      | 3315 ||| DROPPING 2 potions of degeneration.
  3323 | D:5      | Entered Level 5 of the Dungeon
  3330 | D:5      | Reached skill level 1 in Throwing
  3330 | D:5      | 3330 ||| Stepping ~*~*~tactically~*~*~ (stealth).
  3341 | D:5      | Noticed an ice beast
  3342 | D:5      | 3342 ||| Stepping ~*~*~tactically~*~*~ (stealth).
  3348 | D:5      | Killed an ice beast
  3349 | D:5      | Reached skill level 6 in Axes
  3349 | D:5      | Reached XP level 7. HP: 43/43 MP: 7/7
  3532 | D:5      | Found Qomem's Distillery.
  3539 | D:5      | Reached skill level 1 in Dodging
  3575 | D:5      | 3575 ||| BUYING 2 potions of magic (240 gold).
  3575 | D:5      | Bought 2 potions of magic for 240 gold pieces
  3575 | D:5      | 3575 ||| SHOPLISTING potion of cancellation (120 gold, have
                  | 93).
  3575 | D:5      | 3575 ||| BUYING potion of curing (45 gold).
  3575 | D:5      | Bought a potion of curing for 45 gold pieces
  3575 | D:5      | 3575 ||| SHOPLISTING potion of heal wounds (75 gold, have
                  | 48).
  3575 | D:5      | 3575 ||| SHOPLISTING potion of magic (120 gold, have 48).
  3645 | D:5      | 3645 ||| Stepping ~*~*~tactically~*~*~ (hiding).
  3712 | D:5      | 3712 ||| Stepping ~*~*~tactically~*~*~ (hiding).
  3745 | D:5      | Found a hazy altar of Hepliaklqana.
  3960 | D:5      | 3960 ||| Stepping ~*~*~tactically~*~*~ (stealth).
  4025 | D:5      | Reached skill level 7 in Axes
  4237 | D:5      | 4237 ||| UPGRADING to amulet of regeneration.
  4242 | D:5      | 4242 ||| READING scroll labelled WEVOXOME ZOUM.
  4417 | D:6      | 4417 ||| Stepping ~*~*~tactically~*~*~ (stealth).
  4427 | D:6      | Reached XP level 8. HP: 47/49 MP: 8/8
  4439 | D:6      | 4439 ||| DROPPING +0 flail.
  4441 | D:6      | 4441 ||| Stepping ~*~*~tactically~*~*~ (stealth).
  4444 | D:6      | Found a staircase to the Ecumenical Temple.
  4445 | D:6      | 4445 ||| PLANNING TEMPLE
  4445 | D:6      | 4445 ||| Stepping ~*~*~tactically~*~*~ (hiding).
  4467 | D:6      | 4467 ||| Stepping ~*~*~tactically~*~*~ (cloud).
  4503 | Temple   | Entered the Ecumenical Temple
  4569 | Temple   | 4569 ||| PLANNING OKAWARU WORSHIP
  4801 | Temple   | Became a worshipper of Warmaster Okawaru
  4801 | Temple   | 4801 ||| PLANNING D:1-11
  5159 | D:6      | 5159 ||| DRINKING 3 potions of curing.
  5159 | D:6      | 5159 ||| (to cure confusion)
  5165 | D:6      | HP: 10/49 [orc warrior/+0 glaive (6)]
  5166 | D:6      | 5166 ||| READING scroll of teleportation.
  5261 | D:6      | Reached skill level 8 in Axes
  5447 | D:7      | Noticed Duvessa
  5452 | D:7      | Noticed Dowan
  5460 | D:7      | Killed Duvessa
  5460 | D:7      | Reached * piety under Okawaru
  5461 | D:7      | Reached skill level 6 in Fighting
  5461 | D:7      | 5461 ||| INVOKING Heroism.
  5466 | D:7      | Killed Dowan
  5536 | D:7      | 5536 ||| Stepping ~*~*~tactically~*~*~ (stealth).
  5549 | D:7      | 5549 ||| Stepping ~*~*~tactically~*~*~ (hiding).
  5550 | D:7      | 5550 ||| Stepping ~*~*~tactically~*~*~ (hiding).
  5605 | D:7      | 5605 ||| Stepping ~*~*~tactically~*~*~ (stealth).
  5618 | D:7      | Reached skill level 1 in Invocations
  5646 | D:7      | Reached XP level 9. HP: 55/55 MP: 8/10
  5879 | D:7      | 5879 ||| INVOKING Heroism.
  5894 | D:7      | 5894 ||| Stepping ~*~*~tactically~*~*~ (hiding).
  5907 | D:7      | 5907 ||| Stepping ~*~*~tactically~*~*~ (water).
  5911 | D:7      | 5911 ||| Stepping ~*~*~tactically~*~*~ (water).
  5967 | D:7      | Found a transporter.
  5967 | D:7      | Found an ancient bone altar of Kikubaaqudgha.
  5968 | D:7      | Noticed Menkaure
  5996 | D:7      | 5996 ||| Stepping ~*~*~tactically~*~*~ (stealth).
  5997 | D:7      | 5997 ||| Stepping ~*~*~tactically~*~*~ (stealth).
  6003 | D:7      | Reached skill level 3 in Invocations
  6024 | D:7      | Found a basalt altar of Yredelemnul.
  6102 | D:7      | Identified the +0 helmet of Sug Enan {rN+ rCorr}
  6125 | D:7      | Found a transporter.
  6143 | D:7      | 6143 ||| Stepping ~*~*~tactically~*~*~ (stealth).
  6145 | D:7      | 6145 ||| INVOKING Heroism.
  6150 | D:7      | Reached skill level 9 in Axes
  6150 | D:7      | 6150 ||| Stepping ~*~*~tactically~*~*~ (cloud).
  6410 | D:7      | 6410 ||| UPGRADING to +2 buckler.
  6420 | D:7      | 6420 ||| DROPPING +0 buckler.
  6421 | D:7      | 6421 ||| UPGRADING to +0 helmet of Sug Enan {rN+ rCorr}.
  6426 | D:7      | 6426 ||| READING scroll labelled JOCVUR QEUCAC.
  6427 | D:7      | 6427 ||| READING scroll labelled HIXZAL VOTU.
  6428 | D:7      | 6428 ||| DRINKING 2 clear potions.
  6429 | D:7      | 6429 ||| DRINKING 2 brown potions.
  6430 | D:7      | 6430 ||| DRINKING 2 fuming grey potions.
  6535 | D:7      | 6535 ||| DRINKING 3 dark potions.
  6536 | D:7      | 6536 ||| READING 4 scrolls of identify.
  6536 | D:7      | 6536 ||| IDENTIFYING lumpy silvery potion
  6537 | D:7      | 6537 ||| READING 3 scrolls of identify.
  6537 | D:7      | 6537 ||| IDENTIFYING golden potion
  6538 | D:7      | 6538 ||| READING 2 scrolls of identify.
  6538 | D:7      | 6538 ||| IDENTIFYING cyan potion
  6539 | D:7      | 6539 ||| DROPPING potion of ambrosia.
  6540 | D:7      | 6540 ||| DROPPING potion of flight.
  6541 | D:7      | 6541 ||| DROPPING potion of brilliance.
  6542 | D:7      | 6542 ||| DROPPING potion of berserk rage.
  6576 | D:8      | 6576 ||| INVOKING Heroism.
  6619 | D:8      | 6619 ||| Stepping ~*~*~tactically~*~*~ (hiding).
  6730 | D:8      | Found a staircase to the Lair.
  6744 | D:8      | Noticed a two-headed ogre
  6745 | D:8      | 6745 ||| INVOKING Heroism.
  6756 | D:8      | Killed a two-headed ogre
  6757 | D:8      | Reached skill level 6 in Shields
  6812 | D:8      | 6812 ||| INVOKING Heroism.
  6829 | D:8      | 6829 ||| Stepping ~*~*~tactically~*~*~ (cloud).
  6893 | D:8      | 6893 ||| Stepping ~*~*~tactically~*~*~ (hiding).
  6895 | D:8      | 6895 ||| Stepping ~*~*~tactically~*~*~ (hiding).
  6900 | D:8      | 6900 ||| INVOKING Heroism.
  7213 | D:8      | Noticed an orange demon
  7214 | D:8      | 7214 ||| Stepping ~*~*~tactically~*~*~ (hiding).
  7224 | D:8      | Killed an orange demon
  7224 | D:8      | Reached ** piety under Okawaru
  7225 | D:8      | Reached XP level 10. HP: 63/63 MP: 13/13
  7225 | D:8      | Noticed Amaemon
  7226 | D:8      | 7226 ||| Stepping ~*~*~tactically~*~*~ (hiding).
  7227 | D:8      | 7227 ||| Stepping ~*~*~tactically~*~*~ (hiding).
  7230 | D:8      | 7230 ||| INVOKING Heroism.
  7236 | D:8      | Killed Amaemon
  7237 | D:8      | Reached skill level 10 in Axes
  7249 | D:8      | 7249 ||| DROPPING +1 flail of holy wrath.
  7299 | D:8      | 7299 ||| Stepping ~*~*~tactically~*~*~ (hiding).
  7345 | D:8      | 7345 ||| Stepping ~*~*~tactically~*~*~ (stealth).
  7358 | D:8      | 7358 ||| INVOKING Heroism.
  7483 | D:8      | 7483 ||| PLANNING LAIR
  7483 | D:8      | 7483 ||| UPGRADING to ring of protection from cold.
  7484 | D:8      | 7484 ||| READING scroll labelled UTHAETH UNWITZ.
  7485 | D:8      | 7485 ||| READING scroll labelled ONE ZYCAEGG.
  7540 | Lair:1   | Entered Level 1 of the Lair of Beasts
  7550 | Lair:1   | 7550 ||| INVOKING Heroism.
  7619 | Lair:1   | Noticed an elephant
  7621 | Lair:1   | Noticed an elephant
  7622 | Lair:1   | Noticed an elephant
  7622 | Lair:1   | Noticed an elephant
  7632 | Lair:1   | Killed an elephant
  7633 | Lair:1   | Killed an elephant
  7634 | Lair:1   | Reached skill level 3 in Throwing
  7640 | Lair:1   | Killed an elephant
  7640 | Lair:1   | Reached *** piety under Okawaru
  7642 | Lair:1   | 7642 ||| INVOKING Heroism.
  7650 | Lair:1   | Killed an elephant
  8068 | Lair:1   | 8068 ||| UPGRADING to +0 pair of gloves.
  8073 | Lair:1   | 8073 ||| READING 2 scrolls of enchant armour.
  8073 | Lair:1   | 8073 ||| ENCHANTING +0 pair of gloves.
  8074 | Lair:1   | 8074 ||| READING scroll of enchant armour.
  8074 | Lair:1   | 8074 ||| ENCHANTING +1 pair of gloves.
  8100 | Lair:2   | Noticed a cane toad
  8101 | Lair:2   | 8101 ||| INVOKING Heroism.
  8107 | Lair:2   | Killed a cane toad
  8107 | Lair:2   | Received a gift from Okawaru
  8108 | Lair:2   | Reached skill level 11 in Axes
  8135 | Lair:2   | 8135 ||| Stepping ~*~*~tactically~*~*~ (stealth).
  8144 | Lair:2   | Reached XP level 11. HP: 68/68 MP: 14/14
  8145 | Lair:2   | Reached skill level 6 in Armour
  8223 | Lair:2   | 8223 ||| INVOKING Heroism.
  8280 | Lair:2   | 8280 ||| INVOKING Heroism.
  8329 | Lair:2   | Reached skill level 9 in Fighting
  8345 | Lair:2   | Reached **** piety under Okawaru
  8390 | Lair:2   | 8390 ||| INVOKING Heroism.
  8418 | Lair:2   | 8418 ||| INVOKING Heroism.
  8493 | Lair:2   | 8493 ||| INVOKING Heroism.
  8497 | Lair:2   | Reached skill level 12 in Axes
  8817 | Lair:2   | 8817 ||| Stepping ~*~*~tactically~*~*~ (stealth).
  8867 | Lair:2   | 8867 ||| INVOKING Heroism.
  8968 | Lair:2   | 8968 ||| UPGRADING to +0 plate armour.
  8978 | Lair:2   | 8978 ||| DROPPING +0 chain mail.
  8979 | Lair:2   | 8979 ||| DROPPING amulet of the acrobat.
  9000 | Lair:3   | Found a staircase to the Snake Pit.
  9000 | Lair:3   | Noticed a salamander
  9001 | Lair:3   | 9001 ||| Stepping ~*~*~tactically~*~*~ (hiding).
  9012 | Lair:3   | 9012 ||| INVOKING Heroism.
  9015 | Lair:3   | Killed a salamander
  9016 | Lair:3   | Reached skill level 6 in Invocations
  9043 | Lair:3   | 9043 ||| Stepping ~*~*~tactically~*~*~ (stealth).
  9187 | Lair:3   | 9187 ||| INVOKING Heroism.
  9191 | Lair:3   | Found a staircase to the Shoals.
  9316 | Lair:3   | 9316 ||| Stepping ~*~*~tactically~*~*~ (hiding).
  9413 | Lair:3   | 9413 ||| SWAPPING to +2 war axe of electrocution.
  9414 | Lair:3   | 9414 ||| DROPPING +1 war axe of electrocution.
  9430 | Lair:3   | 9430 ||| INVOKING Heroism.
  9456 | Lair:3   | Reached XP level 12. HP: 76/76 MP: 17/17
  9460 | Lair:3   | 9460 ||| INVOKING Heroism.
 10172 | Lair:3   | 10172 ||| UPGRADING to +0 pair of boots.
 10213 | Lair:3   | 10213 ||| INVOKING Heroism.
 10217 | Lair:3   | Reached ***** piety under Okawaru
 10276 | Lair:4   | 10276 ||| PLANNING GAUNTLET
 10284 | Lair:4   | 10284 ||| STAIRDANCE
 10306 | Lair:4   | Noticed a seven-headed hydra
 10309 | Lair:4   | Found a transporter.
 10315 | Lair:4   | Found a gate leading to a gauntlet.
 10324 | Gauntlet | Entered a Gauntlet
 10324 | Gauntlet | Found a transporter.
 10324 | Gauntlet | Found a transporter.
 10324 | Gauntlet | Found a transporter.
 10327 | Gauntlet | Found a transporter.
 10328 | Gauntlet | Found a transporter.
 10329 | Gauntlet | Found a transporter.
 10338 | Gauntlet | Found a transporter.
 10338 | Gauntlet | Found the +8 frozen axe "Frostbite" {freeze, freezing
                  | cloud, *Noise Fly rC+}
 10342 | Gauntlet | Found a transporter.
 10352 | Gauntlet | Found a transporter.
 10357 | Gauntlet | Found a transporter.
 10359 | Gauntlet | Noticed a catoblepas
 10379 | Gauntlet | Found a transporter.
 10383 | Gauntlet | Found a transporter.
 10397 | Gauntlet | Noticed a death scarab
 10520 | Gauntlet | 10520 ||| INVOKING Heroism.
 10543 | Gauntlet | 10543 ||| READING scroll of enchant weapon.
 10543 | Gauntlet | 10543 ||| ENCHANTING +2 war axe of electrocution.
 10559 | Gauntlet | Reached skill level 9 in Armour
 10577 | Gauntlet | 10577 ||| INVOKING Heroism.
 10582 | Gauntlet | Received a gift from Okawaru
 10595 | Gauntlet | 10595 ||| Stepping ~*~*~tactically~*~*~ (hiding).
 10602 | Gauntlet | HP: 10/76 [meliai/divine providence (11)]
 10603 | Gauntlet | 10603 ||| DRINKING potion of heal wounds.
 10607 | Gauntlet | Killed from afar by a meliai

Levels and vault maps discovered:
D:1:      dpeg_arrival_tiny_f, layout_basic, serial_shops,
          nicolae_shop_just_a_little_nook, shapermc_ecumenical_altar_petra,
          minmay_misc_feat_rows, grunt_decor_mini_mirrors, minmay_lizard_king
D:2:      layout_rooms, uniq_sigmund
D:3:      due_chaos_kobolds, layout_basic, serial_shops, shop,
          kennysheep_generic_room_10
D:4:      layout_layer_cave
D:5:      nicolae_cairo_tiling_large, layout_basic,
          mainiacjoe_overflow_alcove_2, nicolae_stop_n_shop_1,
          nicolae_nh_ransacked_shop
D:6:      layout_basic, minmay_temple_entry_water_ring
D:7:      layout_loops_corners, gammafunk_temple_of_torment, st_stairs_9,
          uniq_duvessa
D:8:      layout_basic, dpeg_oklobed_lair, uniq_amaemon
Temple:   minmay_temple_bridge_d
Lair:1:   layout_cave_shapes, lemuel_fruit_tree, infiniplex_staircase_pool_2,
          serial_bayou_shore_a
Lair:2:   layout_small_grid, grunt_megastairs_2
Lair:3:   layout_cave_pods, elwin_shoals_entry_rocks,
          nicolae_snake_entry_warm_welcome, hangedman_lair_unloving_vines,
          infiniplex_staircase_pool, lemuel_fruit_fields
Lair:4:   layout_hall_layers, gauntlet_entry_generic, nzn_ghost_randoct,
          minivault_25
Gauntlet: gammafunk_gauntlet_hard_choice [gammafunk_gauntlet_arena_spirals,
          gammafunk_gauntlet_arena_arrow_garden,
          gammafunk_gauntlet_arena_crates, gammafunk_gauntlet_arena_grid,
          nicolae_gauntlet_arena_grate_2, gammafunk_gauntlet_arena_mazey,
          gauntlet_exit_watery]

Skill      XL: |  1  2  3  4  5  6  7  8  9 10 11 12 |
---------------+-------------------------------------+-----
Axes           | 2 3 5 6 7 8 9 11 12 | 12.0
Throwing       | 1 2 3 |  3.4
Fighting       | 4 5 6 7 8 9 |  9.2
Dodging        | 1 2 |  2.3
Invocations    | 2 4 7 8 |  8.5
Armour         | 4 5 7 9 |  9.0
Shields        | 6 |  6.3

Action                     |  1- 3 |  4- 6 |  7- 9 | 10-12 || total
---------------------------+-------+-------+-------+-------++-------
  Melee: War axe           |    75 |   116 |   272 |   324 ||   787
  Throw: Boomerang         |    24 |     4 |    13 |    15 ||    56
         Javelin           |       |    23 |    27 |    57 ||   107
 Invoke: Heroism           |       |       |     7 |    18 ||    25
    Use: Scroll            |     2 |     7 |     7 |     5 ||    21
         Potion            |       |     1 |     5 |     1 ||     7
   Stab: Confused          |       |       |     2 |       ||     2
 Armour: Scale mail        |    43 |    47 |       |       ||    90
         Chain mail        |       |     6 |   157 |   135 ||   298
         Plate armour      |       |       |       |   116 ||   116
  Dodge: Dodged            |    35 |    62 |   100 |   110 ||   307
  Block: Buckler           |    20 |    17 |    60 |   127 ||   224

Table legend:
 A = Non-vault XP
 B = Vault XP
 C = Vault XP percentage of total XP
 D = Non-vault monster count
 E = Vault monster count
 F = Vault count percentage of total count
                 A         B        C        D         E       F
            +---------+---------+-------+---------+---------+-------
      Total |   16429 |    7055 |  30.0 |     232 |      35 |  13.1
            +---------+---------+-------+---------+---------+-------
        D:1 |      64 |       4 |   5.9 |      26 |       4 |  13.3
        D:2 |      73 |     226 |  75.6 |      26 |       1 |   3.7
        D:3 |      25 |       3 |  10.7 |      14 |       2 |  12.5
        D:4 |      62 |       0 |   0.0 |      14 |       0 |   0.0
        D:5 |     585 |      83 |  12.4 |      18 |       4 |  18.2
        D:6 |     635 |       0 |   0.0 |      26 |       0 |   0.0
        D:7 |     925 |     362 |  28.1 |      18 |       5 |  21.7
        D:8 |    2109 |    1195 |  36.2 |      36 |       2 |   5.3
     Lair:1 |    2319 |       0 |   0.0 |       8 |       0 |   0.0
     Lair:2 |    4370 |    2629 |  37.6 |      19 |       6 |  24.0
     Lair:3 |    5160 |     633 |  10.9 |      24 |       3 |  11.1
     Lair:4 |     102 |       0 |   0.0 |       3 |       0 |   0.0
   Gauntlet |       0 |    1920 | 100.0 |       0 |       8 | 100.0
            +---------+---------+-------+---------+---------+-------
